 Dungeon Crawl Stone Soup version 0.26.0-11-g8f856b5395 (webtiles) character file.

Game seed: 17014073358045344948

29 runemasterragnar the Skirmisher (level 3, 0/37 HPs)
             Began as an Ogre Arcane Marksman on Jan 15, 2021.
             Slain by a kobold
             ... wielding a cursed -3 dagger
              (3 damage)
             ... on level 2 of the Dungeon.
             The game lasted 00:02:41 (1330 turns).

runemasterragnar the Skirmisher (OgAM)              Turns: 1330, Time: 00:02:41

Health: 0/37       AC:  3    Str: 14    XL:     3   Next: 16%
Magic:  4/4        EV: 10    Int: 15    God:
Gold:   26         SH:  0    Dex:  9    Spells: 1/4 levels left

rFire    x . .     SeeInvis .   j - +1 mace
rCold    + . .     Faith    .   (no shield)
rNeg     . . .     Spirit   .   a - +0 robe
rPois    .         Reflect  .   (helmet restricted)
rElec    .         Harm     .   (no cloak)
rCorr    .         Rampage  .   (gloves unavailable)
Will     .....     Rnd*Tele +   (boots unavailable)
Stlth    +.........             (no amulet)
HPRegen  0.12/turn              b - ring of teleportation
MPRegen  0.09/turn              g - ring of ice

@: no status effects
A: large, unfitting armour, tough skin 1
a: no special abilities


You were on level 2 of the Dungeon.
You visited 1 branch of the dungeon, and saw 2 of its levels.

You collected 26 gold pieces.

Inventory:

Hand Weapons
 j - a +1 mace (weapon)
Missiles
 c - 4 large rocks
 d - 3 throwing nets
 i - 2 javelins (quivered)
 k - 84 stones
Armour
 a - a +0 robe (worn)
Jewellery
 b - a ring of teleportation (left hand)
 g - a ring of ice (right hand)
Scrolls
 e - 2 scrolls of remove curse
 f - a scroll of identify
Potions
 h - 2 potions of flight
 n - a potion of mutation {unknown}
 o - a potion of resistance {unknown}


   Skills:
 * Level 3.0 Fighting
 + Level 2.4 Throwing
 + Level 2.2 Dodging
 - Level 1.2 Spellcasting
 - Level 2.6 Hexes


You had one spell level left.
You knew the following spells:

 Your Spells              Type           Power        Failure   Level
a - Corona                Hex            8%           9%          1
b - Slow                  Hex            8%           12%         2

Your spell library contained the following spells:

 Spells                   Type           Power        Failure   Level
 Inner Flame              Hex/Fire       4%           38%         3
 Portal Projectile        Hex/Tloc       8%           38%         3
 Cause Fear               Hex            4%           63%         4
 Leda's Liquefaction      Hex/Erth       2%           80%         4


Dungeon Overview and Level Annotations

Branches:
Dungeon (2/15)

Altars:

Annotations:
D:2 Natasha


Innate Abilities, Weirdness & Mutations

You are too large for most types of armour.
You have tough skin. (AC +1)


Message History

The kobold is severely wounded.
The kobold closely misses you. Natasha claws you.
The goblin closely misses you.
Unknown command.
You are too injured to fight recklessly!
You are too injured to fight recklessly!
You are too injured to fight recklessly!
Unknown command.
You closely miss the goblin. The kobold hits you but does no damage.
Natasha claws you. The goblin hits you but does no damage. Natasha claws you.
The kobold hits you with a cursed -3 dagger.
Unknown command.
It was a potion of cancellation.
You feel magically purged. The goblin barely misses you.
The kobold closely misses you. Natasha claws you.
* * * LOW HITPOINT WARNING * * *
It was a potion of curing.
You feel better. The goblin hits you with a +0 club. Natasha claws you!
* * * LOW HITPOINT WARNING * * *
The kobold hits you with a cursed -3 dagger.
You die...

### # .#
####.##
#.....#
#(h...##
#@.....#
#Kg....#
#.......#
#.....#.#
#.....# .
#.....#
#.....#
#.....#


You could see Natasha, a goblin and a kobold.

Vanquished Creatures
  A dart slug (D:1)
  A leopard gecko (D:1)
  5 bats
  A giant cockroach (D:1)
  7 goblins
  2 hobgoblins
  A frilled lizard (D:1)
  2 kobolds (D:1)
  4 rats
24 creatures vanquished.

Notes
Turn   | Place    | Note
-------+----------+-------------------------------------------
     0 | D:1      | runemasterragnar the Ogre Arcane Marksman began the quest
                  | for the Orb.
     0 | D:1      | Reached XP level 1. HP: 19/19 MP: 2/2
    95 | D:1      | Reached skill level 2 in Fighting
   291 | D:1      | Reached XP level 2. HP: 28/28 MP: 3/3
  1130 | D:2      | Reached XP level 3. HP: 29/36 MP: 4/4
  1213 | D:2      | Reached skill level 3 in Fighting
  1216 | D:2      | Learned a level 2 spell: Slow
  1322 | D:2      | Noticed Natasha
  1330 | D:2      | Slain by a kobold

Illustrated notes

Levels and vault maps discovered:
D:1:      dpeg_arrival_pond, layout_basic
D:2:      layout_basic, uniq_natasha

Skill      XL: |  1  2  3 |
---------------+----------+-----
Fighting       | 2 3 |  3.0
Dodging        | 2 |  2.2
Throwing       | |  2.4
Spellcasting   | |  1.2
Hexes          | |  2.6

Action                   || total
-------------------------++-------
Melee: Club              ||    49
       Mace              ||    25
Throw: Javelin           ||    13
       Large rock        ||     2
 Cast: Corona            ||     8
  Use: Scroll            ||     4
       Potion            ||     2
 Stab: Sleeping          ||     1
Armor: Robe              ||    30
Dodge: Dodged            ||    63
